Map: Void Training Stage 1

Players

Smeeeger - Winner!

  • Race: Zerg Zerg
  • League: Platinum
  • Spawn Location: 5:00

Player 2

  • Race: Protoss Protoss
  • Spawn Location: 11:00

VOD

Have the link to the VOD?

Description

Time

  • Played on: July 21, 2019, 10:49 a.m.
  • Length: 6:56
Show
View Real Time Build Order
Export as new Build Order

Smeeeger Zerg - Winner!

Build Orders: Pool First 

Get SALT Encoding   

  12  0:17  Drone  
  12  0:18  Overlord  
  13  0:25  Drone  
  14  0:37  Drone  
  14  0:39  Drone  
  16  0:51  Drone  
  17  1:01  Drone  
  18  1:05  Spawning Pool  
  17  1:12  Drone  
  18  1:25  Hatchery  
  17  1:26  Drone, Extractor  
  17  1:37  Drone  
  18  1:44  Drone  
  19  1:53  Queen  
  21  1:56  Overlord  
  22  2:08  Drone  
  22  2:17  Drone  
  23  2:33  Hatchery  
  23  2:34  Metabolic Boost  
  23  2:36  Queen  
  24  2:42  Drone  
  24  2:44  Drone x2  
  27  2:48  Drone  
  27  2:51  Drone  
  29  2:59  Drone x2  
  29  3:04  Overlord  
  31  3:07  Drone x2  
  31  3:12  Queen  
  35  3:18  Drone  
  35  3:19  Overlord  
  36  3:26  Overlord x2  
  36  3:37  Extractor  
  36  3:38  Drone x4  
  36  3:41  Extractor  
  38  3:42  Drone  
  38  3:43  Drone  
  38  3:46  Queen  
  42  3:50  Drone  
  42  3:51  Drone x3  
  46  3:59  Roach Warren  
  45  4:05  Drone x2  
  45  4:09  Lair  
  47  4:12  Drone x2  
  47  4:13  Drone  
  47  4:14  Drone  
  51  4:18  Drone  
  52  4:27  Drone, Extractor  
  52  4:28  Drone  
  53  4:32  Drone x3  
  53  4:33  Drone  
  53  4:35  Extractor  
  53  4:38  Overlord x2  
  56  4:39  Overlord  
  56  4:41  Extractor  
  55  4:50  Drone x2  
  55  4:51  Roach, Drone  
  60  4:56  Drone x3  
  60  4:58  Roach  
  65  5:00  Roach x2  
  65  5:01  Roach  
  71  5:09  Overlord x2  
  71  5:10  Overlord  
  71  5:14  Roach x2  
  71  5:17  Glial Reconstitution  
  71  5:20  Drone x3  
  78  5:34  Roach x7  
  78  5:35  Roach  
  94  5:37  Overlord  
  94  5:39  Overlord  
  94  5:42  Overlord  
  94  5:51  Drone x2  
  94  5:52  Drone  
  94  5:53  Drone x2  
  99  6:05  Baneling Nest  
  99  6:07  Drone  
  99  6:13  Roach x7  
  99  6:14  Roach  
  115  6:22  Overlord x2  
  115  6:31  Roach x2  
  115  6:32  Roach x8  
Show
View Real Time Build Order
Export as new Build Order

Player 2 Protoss 

Build Orders:  

Get SALT Encoding   

  12  0:00  Probe  
  13  0:13  Probe  
  14  0:20  Pylon  
  14  0:37  Assimilator  
  14  0:42  Gateway  
  14  0:46  Pylon  
  14  1:12  Assimilator  
  14  1:21  Probe  
  14  1:23  Zealot  
  15  1:29  Probe  
  15  1:31  Cybernetics Core  
  17  1:39  Probe  
  19  1:52  Probe  
  20  2:01  Probe  
  20  2:07  Warp Gate  
  21  2:09  Probe  
  22  2:41  Stalker  
  24  6:24  Stalker  
  26  6:27  Pylon  
  20  6:41  Probe  
  12  6:53  Zealot  
Tags
 
Add a new tag
Caveats
  • Supply blocks, unpowered buildings, or Contaminate may cause inaccurate times.
  • Supply counts are checked every 10 seconds.